 Dungeon Crawl Stone Soup version 0.30-a0-1042-gacf32f4bd3 (webtiles) character file.

Game seed: 11332512373647715766

406 Grim the Chopper (level 7, -3/52 HPs)
             Began as a Formicid Fighter on Apr 9, 2023.
             Slain by a killer bee (6 damage)
             ... on level 4 of the Dungeon.
             The game lasted 00:03:48 (2865 turns).

Grim the Chopper (Formicid Fighter)                 Turns: 2865, Time: 00:03:48

Health: -3/52      AC: 11    Str: 20 (23) XL:     7   Next: 12%
Magic:  7/7        EV:  7    Int:  6 (7)  God:
Gold:   299        SH:  9    Dex: 10 (13) Spells: 6/6 levels left

rFire   . . .      SeeInvis +    a - +0 war axe
rCold   . . .      Faith    .    c - +0 buckler
rNeg    + . .      Spirit   .    v - +1 chain mail {rN+}
rPois   .          Reflect  +    (helmet unavailable)
rElec   .          Rampage  .    (no cloak)
rCorr   .                        (no gloves)
Will    +....                    l - +0 pair of boots Stlth
                                 q - amulet of reflection
HPRegen 0.28/turn                k - ring of willpower
MPRegen 0.10/turn                (no ring)

@: lethally poisoned (-3 -> -6)
A: permanent stasis, dig shafts and tunnels, antennae 3, four strong arms
a: Dig, Shaft Self


You were on level 4 of the Dungeon.
You visited 1 branch of the dungeon, and saw 4 of its levels.

You collected 299 gold pieces.

Inventory:

Hand Weapons
 a - a +0 war axe (weapon)
Armour
 b - a +0 scale mail
 c - a +0 buckler (worn)
 l - a +0 pair of boots (worn)
 v - a +1 chain mail of positive energy (worn)
Jewellery
 d - a ring of fire
 k - a ring of willpower (left hand)
 q - an amulet of reflection (around neck)
 x - a ring of wizardry
Scrolls
 e - a scroll of torment {unknown}
 f - a scroll of amnesia {unknown}
 g - a scroll of immolation {unknown}
 h - a scroll of poison {unknown}
 j - 2 scrolls of enchant weapon {unknown}
 m - 2 scrolls of identify {unknown}
 n - a scroll of noise {unknown}
 o - a scroll of enchant armour {unknown}
 s - a scroll of teleportation {unknown}
Potions
 i - a potion of heal wounds {unknown}
 p - 2 potions of flight {unknown}
 r - a potion of cancellation {unknown}
 t - a potion of degeneration {!q}
 u - 2 potions of attraction {unknown}
 w - a potion of brilliance {unknown}


   Skills:
 - Level 3.2 Fighting
 + Level 7.1 Axes
 - Level 3.2 Armour
 - Level 4.0 Shields


You had 6 spell levels left.
You didn't know any spells.
Your spell library contained the following spells:

 Spells                   Type           Power      Damage    Failure   Level
 Freeze                   Ice            0%         1d3       99%         1
 Kiss of Death            Conj/Necr      0%         2d5       99%         1
 Necrotise                Necr           0%         1d4       99%         1
 Confusing Touch          Hex            0%         N/A       100%        3
 Frozen Ramparts          Ice            0%         1d1       100%        3
 Hailstorm                Conj/Ice       0%         3d3       100%        3
 Dispel Undead            Necr           0%         3d6       100%        4


Dungeon Overview and Level Annotations

Branches:
Dungeon (4/15)
 Temple: D:4-7

Altars:
Elyvilon
Qazlal
Zin


Innate Abilities, Weirdness & Mutations

You cannot be hasted, slowed, berserked, paralysed or teleported.
You can dig through walls and to a lower floor.
You have a pair of large antennae on your head. (SInv)
Your four strong arms can wield two-handed weapons with a shield.


Message History

You are poisoned.
The killer bee poisons you! The killer bee barely misses you.
You miss the killer bee.
The killer bee is severely wounded.
You feel sick. The killer bee barely misses you. x2
You closely miss the killer bee.
The killer bee is severely wounded.
You feel sick. You block the killer bee's attack. The killer bee stings you!
* * * LOW HITPOINT WARNING * * *
You are more poisoned.
The killer bee poisons you! You block the killer bee's attack.
You miss the killer bee.
The killer bee is severely wounded.
You feel very sick. The killer bee stings you.
* * * LOW HITPOINT WARNING * * *
You block the killer bee's attack.
You are too injured to fight recklessly!
You are too injured to fight recklessly!
You closely miss the killer bee.
The killer bee is severely wounded.
You feel sick. The killer bee stings you.
* * * LOW HITPOINT WARNING * * *
You block the killer bee's attack.
You barely miss the killer bee.
The killer bee is severely wounded.
You feel sick. The killer bee stings you.
* * * LOW HITPOINT WARNING * * *
The killer bee stings you but does no damage.
You block the killer bee's attack.
You hit the killer bee.
The killer bee is almost dead.
You feel sick. The killer bee closely misses you. The killer bee stings you.
* * * LOW HITPOINT WARNING * * *
It was a potion of degeneration.
There was something very wrong with that liquid.
You feel weakened.
You feel dopey.
You feel clumsy.
* * * LOW HITPOINT WARNING * * *
You feel sick. The killer bee stings you.
You die...

#.#........<#.# #.#.#
#.##.##.#.#.#.# #.#.#
#.##..[.#.#.#.###.#.#
..#######.#.#.....#.#
..# #.#.#######.# ..#
#.#.........#
#.########### #....#
####@# #y# #y# #.#
#.# #.# #.# #..


You could see 2 killer bees.

Vanquished Creatures
  A sky beast (D:3)
  2 killer bees (D:4)
  A sleepcap (D:4)
  Terence (D:3)
  An orc wizard (D:3)
  4 gnolls (D:4)
  3 adders
  3 dart slugs
  4 orcs
  5 ball pythons
  7 bats
  6 endoplasms
  3 giant cockroaches
  7 goblins
  7 hobgoblins
  6 kobolds
  4 quokkas
  3 frilled lizards
  4 rats
72 creatures vanquished.

Vanquished Creatures (others)
  4 fungi (D:3)
  6 toadstools (D:1)
10 creatures vanquished.

Grand Total: 82 creatures vanquished

Notes
Turn   | Place    | Note
-------+----------+-------------------------------------------
     0 | D:1      | Grim the Formicid Fighter began the quest for the Orb.
     0 | D:1      | Reached XP level 1. HP: 18/18 MP: 1/1
    64 | D:1      | Reached XP level 2. HP: 19/24 MP: 2/2
   179 | D:1      | Reached skill level 3 in Axes
   655 | D:1      | Reached XP level 3. HP: 29/29 MP: 3/3
  1228 | D:2      | Reached skill level 4 in Axes
  1228 | D:2      | Reached XP level 4. HP: 35/35 MP: 4/4
  1606 | D:3      | Noticed Terence
  1617 | D:3      | Killed Terence
  1674 | D:3      | Found a faded altar of an unknown god.
  1682 | D:3      | Got Plato's Elucidation of Iniquitous Ceremonies
  1797 | D:3      | Noticed a sky beast
  1816 | D:3      | Killed a sky beast
  1817 | D:3      | Reached skill level 5 in Axes
  1817 | D:3      | Reached XP level 5. HP: 31/41 MP: 5/5
  1820 | D:3      | Reached XP level 6. HP: 37/47 MP: 6/6
  1824 | D:3      | Reached skill level 6 in Axes
  2007 | D:3      | Found a white marble altar of Elyvilon.
  2355 | D:3      | Found a glowing silver altar of Zin.
  2383 | D:3      | Found a stormy altar of Qazlal.
  2855 | D:4      | Reached skill level 7 in Axes
  2855 | D:4      | Reached XP level 7. HP: 44/52 MP: 7/7
  2865 | D:4      | Slain by a killer bee

Illustrated notes

Levels and vault maps discovered:
D:1:      erik_arrival_cave_to_civilisation [erik_arrival_cave_to_hall],
          layout_basic, minmay_gold_behind_fungi
D:2:      layout_basic
D:3:      layout_loops_ring, zin_treasury, mainiacjoe_overflow_boulevard,
          mainiacjoe_overflow_24_doors, shapermc_ecumenical_altar_rom_forum,
          uniq_terence
D:4:      layout_basic, mainiacjoe_overflow_alcove_2,
          makhleb_blood_cavern_becter, mainiacjoe_overflow_catwalk,
          mainiacjoe_overflow_big_doors

Skill      XL: |  1  2  3  4  5  6 |
---------------+-------------------+-----
Axes           | 3 4 5 7 |  7.1
Fighting       | |  3.2
Armour         | |  3.2
Shields        | |  4.0

Action                     |  1- 3 |  4- 6 |  7- 9 || total
---------------------------+-------+-------+-------++-------
  Melee: War axe           |    76 |   127 |    10 ||   213
    Use: Potion            |       |     1 |     1 ||     2
 Armour: Scale mail        |    41 |    11 |       ||    52
         Chain mail        |       |    43 |     4 ||    47
  Dodge: Dodged            |    32 |    30 |     5 ||    67
  Block: Buckler           |    25 |    68 |     6 ||    99
         Reflection        |       |     4 |       ||     4

Table legend: (Time is in decaauts)
 A = Elapsed time spent in this place.
 B = Non-inter-level travel time spent in this place.
 C = Inter-level travel time spent in this place.
 D = Time resting spent in this place.
 E = Time spent auto-exploring this place.
 F = Levels seen in this place.
 G = Mean time per level.
                   A        B        C        D        E       F      G
               +--------+--------+--------+--------+--------+-----+--------+
         Total |   2926 |   2854 |     72 |    287 |   1990 |   4 |  731.5 |
       Dungeon |   2926 |   2854 |     72 |    287 |   1990 |   4 |  731.5 |
               +--------+--------+--------+--------+--------+-----+--------+

Top non-repeatable levels by time:
     D:1: 1024 daAuts
     D:3: 912 daAuts
     D:2: 562 daAuts
     D:4: 426 daAuts
